 Dungeon Crawl Stone Soup version 0.28.0-53-g5a82cb258f (webtiles) character file.

Game seed: 131927430559905584

511 Gabide the Archer (level 6, -14/39 HPs)
             Began as a Deep Elf Hunter on June 17, 2022.
             Demolished by a two-headed ogre
             ... wielding a +0 giant club
              (20 damage)
             ... on level 4 of the Dungeon.
             The game lasted 00:05:08 (4846 turns).

Gabide the Archer (Deep Elf Hunter)                 Turns: 4846, Time: 00:05:09

Health: -14/39     AC:  4    Str: 11    XL:     6   Next: 99%
Magic:  8/8        EV: 12    Int: 16    God:
Gold:   114        SH:  0    Dex: 15    Spells: 5/5 levels left

rFire   . . .      SeeInvis .   b - +2 mace (drain)
rCold   . . .      Faith    .   (no shield)
rNeg    . . .      Spirit   .   c - +1 leather armour
rPois   .          Reflect  .   (no helmet)
rElec   .          Harm     .   (no cloak)
rCorr   .          Rampage  .   (no gloves)
Will    .....                   (no boots)
Stlth   ++........              (no amulet)
HPRegen 0.13/turn               (no ring)
MPRegen 0.11/turn               (no ring)

@: no status effects
A: no striking features
a: no special abilities


You were on level 4 of the Dungeon.
You visited 1 branch of the dungeon, and saw 4 of its levels.

You collected 114 gold pieces.

Inventory:

Hand Weapons
 a - a +1 shortbow
 b - a +2 mace of draining (weapon)
 o - a +0 short sword
Missiles
 d - 40 arrows
Armour
 c - a +1 leather armour (worn)
Jewellery
 f - an amulet of faith
Wands
 q - a wand of iceblast (11)
Scrolls
 h - a scroll of magic mapping
 j - a scroll of fear {unknown}
 k - a scroll of teleportation {unknown}
 m - a scroll of enchant weapon {unknown}
 n - a scroll of vulnerability {unknown}
 p - a scroll of amnesia {unknown}
Potions
 e - 2 potions of curing
 g - a potion of berserk rage {unknown}


   Skills:
 + Level 4.5 Fighting
 + Level 8.6 Bows
 - Level 2.4 Dodging
 - Level 1.2 Stealth


You had 5 spell levels left.
You didn't know any spells.
Your spell library contained the following spells:

 Spells                   Type           Power      Damage    Failure   Level
 Magic Dart               Conj           0%         1d3       32%         1
 Slow                     Hex            0%         N/A       32%         1
 Searing Ray              Conj           0%         2d4       45%         2
 Confusing Touch          Hex            0%         N/A       69%         3
 Vampiric Draining        Necr           0%         2d6       69%         3
 Fulminant Prism          Conj/Hex       0%         3d6       97%         4


Dungeon Overview and Level Annotations

Branches:
Dungeon (4/15)
 Temple: D:4-7

Altars:
Ru


Message History

An orc is nearby!
You thump the orc!
You kill the orc!
No target in view!
Things that are here:
a +0 whip; a +0 ring mail A two-headed ogre comes into view.
It is wielding a +0 giant club and a +0 giant spiked club.
A two-headed ogre is nearby!
The two-headed ogre shouts in stereo!
Okay, then.
Okay, then.
a - a +1 shortbow (weapon)
You shoot an arrow. The arrow hits the two-headed ogre.
The two-headed ogre is lightly wounded.
You shoot an arrow. The arrow hits the two-headed ogre.
The two-headed ogre is lightly wounded.
You shoot an arrow.
The arrow hits the two-headed ogre but does no damage.
The two-headed ogre is lightly wounded.
You shoot an arrow.
The arrow barely misses the two-headed ogre.
You shoot an arrow.
The arrow closely misses the two-headed ogre.
You sense an unholy aura.
b - a +2 mace of draining (weapon)
The two-headed ogre hits you with a +0 giant club!!
The two-headed ogre barely misses you.
You sock the two-headed ogre! You drain the two-headed ogre.
The two-headed ogre is moderately wounded.
The two-headed ogre closely misses you. x2
There is an open door here.
You close the door.
A two-headed ogre opens the door.
The two-headed ogre seems less drained.
You hit the two-headed ogre but do no damage.
The two-headed ogre is lightly wounded.
The two-headed ogre hits you with a +0 giant club!!
* * * LOW HITPOINT WARNING * * *
The two-headed ogre hits you with a +0 giant spiked club!!
Ouch! That really hurt!
You die...

........##.#########.##
#.####...#.## #.....#
#.......# #.##..#
##......### #.#...#
#.........# #.....#
#.#.......# #.....#
#........|# #.....#
###'#...### ##.####
##...@..# #.# ##....O###
##.# ##.......## ##..#
###.........####...#######
..'....†....'.............
##......)..####...###.###
##.......## #...# #.#
##.....## #..####.#
##...## #.......#


You could see a two-headed ogre.

Vanquished Creatures
  A sky beast (D:3)
  An orc warrior (D:4)
  A necrophage (D:4)
  A bullfrog zombie (D:3)
  A hound (D:4)
  A bullfrog skeleton (D:4)
  An orc wizard (D:3)
  A hound skeleton (D:4)
  6 adders
  6 orcs
  8 ball pythons
  3 bats (D:1)
  2 endoplasms
  2 giant cockroaches
  10 goblins
  2 hobgoblins
  4 jackals (D:2)
  6 kobolds
  3 quokkas (D:3)
  A frilled lizard (D:1)
  6 rats
67 creatures vanquished.

Notes
Turn   | Place    | Note
-------+----------+-------------------------------------------
     0 | D:1      | Gabide the Deep Elf Hunter began the quest for the Orb.
     0 | D:1      | Reached XP level 1. HP: 12/12 MP: 3/3
   173 | D:1      | Found a faded altar of an unknown god.
   440 | D:1      | Reached XP level 2. HP: 17/17 MP: 4/4
  1553 | D:2      | Reached skill level 6 in Bows
  1703 | D:2      | Reached XP level 3. HP: 20/22 MP: 5/5
  2130 | D:3      | Reached XP level 4. HP: 4/27 MP: 6/6
  2437 | D:3      | Found the +4 dagger "Morg" {pain, Will+ Int+5}
  2584 | D:3      | Noticed a sky beast
  2601 | D:3      | Killed a sky beast
  2602 | D:3      | Reached skill level 7 in Bows
  2602 | D:3      | Reached XP level 5. HP: 15/32 MP: 7/7
  3630 | D:4      | Found a sacrificial altar of Ru.
  3641 | D:4      | Reached XP level 6. HP: 32/38 MP: 8/8
  3774 | D:4      | Noticed an orc warrior
  3781 | D:4      | Killed an orc warrior
  3782 | D:4      | Reached skill level 8 in Bows
  4796 | D:4      | Noticed a two-headed ogre
  4846 | D:4      | Demolished by a two-headed ogre

Illustrated notes

Levels and vault maps discovered:
D:1:      dpeg_arrival_subterranean_lakeside_camping, layout_basic,
          shapermc_ecumenical_altar_acropolis, corner_web_ring
D:2:      layout_basic
D:3:      layout_loops_ring
D:4:      minmay_diamond_boxcup, layout_loops_corners, kennysheep_small_circle

Skill      XL: |  1  2  3  4  5  6 |
---------------+-------------------+-----
Fighting       | 2 3 4 |  4.5
Bows           | 6 7 8 |  8.6
Dodging        | |  2.4
Stealth        | |  1.2

Action                   |  1- 3 |  4- 6 || total
-------------------------+-------+-------++-------
Melee: Short sword       |    82 |       ||    82
       Mace              |       |    74 ||    74
       Punch             |       |     1 ||     1
 Fire: Shortbow          |    23 |    56 ||    79
  Use: Potion            |     1 |     2 ||     3
       Scroll            |       |     4 ||     4
 Stab: Sleeping          |     2 |     1 ||     3
       Distracted        |       |     1 ||     1
Armor: Leather armour    |    29 |    31 ||    60
       Skin              |       |     3 ||     3
Dodge: Dodged            |    63 |    62 ||   125
